 Dungeon Crawl Stone Soup version 0.17-a0-1718-g72dbe4d (webtiles) character file.

58 KambridgeKobold the Grave Robber (level 3, 0/24 HPs)
             Began as a Demonspawn Necromancer on Aug 26, 2015.
             Succumbed to an adder's poison
             ... on level 2 of the Dungeon.
             The game lasted 00:09:31 (1685 turns).

KambridgeKobold the Grave Robber (DsNe)             Turns: 1685, Time: 00:09:31

Health: 0/24       AC:  4    Str:  8    XL:     3   Next: 76%
Magic:  0/7        EV: 11    Int: 17    God:
Gold:   83         SH:  2    Dex: 13    Spells: 2 memorised, 5 levels left

rFire  . . .     SeeInvis .     s - -2 short sword (curse)
rCold  . . .     Clarity  .     a - +0 robe
rNeg   + . .     SustAt   .     t - -1 buckler (curse)
rPois  .         Gourm    .     (no helmet)
rElec  .         Spirit   .     (no cloak)
rCorr  .         Warding  .     (no gloves)
rMut   .         Stasis   .     f - +0 pair of boots
MR     .....                    (no amulet)
Stlth  ++........               (no ring)
                                e - ring of positive energy

@: lethally poisoned (0 -> -5), very slightly contaminated, invisible, not
resistant to hostile enchantments, unstealthy
A: icy blue scales 1
a: no special abilities


You were on level 2 of the Dungeon.
You were not hungry.

You visited 1 branch of the dungeon, and saw 2 of its levels.

You collected 83 gold pieces.

Inventory:

Hand weapons
 s - a cursed -2 short sword (weapon)
Missiles
 h - 32 stones (quivered)
Armour
 a - a +0 robe (worn)
 f - a +0 pair of boots (worn)
 k - a +0 chain mail
 t - a cursed -1 buckler (worn)
Jewellery
 e - a ring of positive energy (left hand)
 m - an uncursed ring of protection from cold {unknown}
Magical devices
 u - a wand of teleportation (2)
Scrolls
 d - 2 scrolls of identify {unknown}
 g - a scroll of recharging {unknown}
 i - a scroll of enchant armour {unknown}
 j - 3 scrolls of remove curse {unknown}
 l - a scroll of random uselessness {unknown}
 p - a scroll of magic mapping {unknown}
 q - a scroll of teleportation {unknown}
Books
 b - a book of Necromancy

   Spells                             Type                      Level
   a - Pain                           Necromancy                   1
   b - Animate Skeleton               Necromancy                   1
   c - Vampiric Draining              Necromancy                   3
   d - Regeneration                   Charms/Necromancy            3
   e - Animate Dead                   Necromancy                   4
   f - Control Undead                 Necromancy                   4
Comestibles
 c - 3 bread rations
 n - 2 meat rations
 o - 2 beef jerkies
 v - a chunk of flesh


   Skills:
 + Level 1.9 Dodging
 + Level 1.8 Stealth
 + Level 0.1 Shields
 + Level 2.8 Spellcasting
 + Level 5.2 Necromancy


You had 5 spell levels left.
You knew the following spells:

 Your Spells              Type           Power        Failure   Level  Hunger
a - Pain                  Necr           ###.         4%          1    #......
b - Animate Skeleton      Necr           N/A          4%          1    #......


Dungeon Overview and Level Annotations

Branches:
Dungeon (2/15)

Altars:
Xom
Zin


Innate Abilities, Weirdness & Mutations

You are partially covered in icy blue scales (AC +1).


Message History

The adder bites you.
You feel sick. The adder bites you. You block the adder's attack.
You feel sick. The adder bites you.
* * * LOW HITPOINT WARNING * * *
You are lethally poisoned!
The adder poisons you!
* * * LOW HITPOINT WARNING * * *
You feel sick.
Casting: Pain
Confirm with . or Enter, or press ? or * to list all spells.
Aiming: Pain
Press: ? - help, Shift-Dir - straight line, f/p - adder
Aim: an adder (almost dead, chance to defeat MR: 85%)
The adder convulses in agony!
You kill the adder!
Drink which item? (? for menu, Esc to quit)
It was a potion of invisibility.
You fade into invisibility!
You die...

#.##### ..#
#.....# ...
#####.# #.###
#.#####
#.#.###.#...
#.....#
#.#.).....#
#####.#
#.#.###...# #.#
#.#.###...#
#.#####.........#
#...@†....#######
#######.### ###


There were no monsters in sight!

Vanquished Creatures
  2 adders (D:2)
  An ooze (D:1)
  4 giant geckos (D:1)
  5 bats (D:1)
  A giant cockroach (D:1)
  7 goblins (D:1)
  4 hobgoblins
  2 giant newts (D:1)
  4 kobolds
  9 rats (D:1)
39 creatures vanquished.

Notes
Turn   | Place    | Note
--------------------------------------------------------------
     0 | D:1      | KambridgeKobold the Demonspawn Necromancer began the quest for the Orb.
     0 | D:1      | Reached XP level 1. HP: 13/13 MP: 3/3
   265 | D:1      | Gained mutation: You are partially covered in icy blue scales (AC +1). [demonic ancestry]
   265 | D:1      | Reached XP level 2. HP: 16/19 MP: 1/5
   725 | D:1      | Learned a level 1 spell: Animate Skeleton
   734 | D:1      | Reached skill level 5 in Necromancy
  1040 | D:1      | Reached XP level 3. HP: 24/24 MP: 4/6
  1525 | D:2      | Found a glowing silver altar of Zin.
  1525 | D:2      | Found a shimmering altar of Xom.
  1525 | D:2      | Noticed an angel
  1685 | D:2      | Succumbed to an adder's poison

Vault maps used:
D:1:      elethiomel_arrival_diamonds
D:2:      grunt_temple_overflow_order_and_chaos_1, first_bread, uniq_jessica

Action                   || total
-------------------------++-------
Melee: Unarmed           ||    22
       Short sword       ||     3
 Cast: Pain              ||    61
       Animate Skeleton  ||     1
  Use: Potion            ||     1
  Eat: Chunk             ||     3
